 Dungeon Sprint DCSS version 0.22-a0-196-gee22f27 (webtiles) character file.

926 Lapis the Unseen (level 7, 0/38 HPs)
             Began as a Spriggan Assassin on Feb 17, 2018.
             Was an Elder of Dithmenos.
             Killed from afar by an oklob plant (11 damage)
             ... with a splash of acid
             ... in the Dungeon (Sprint IV: "Fedhas' Mad Dash").
             The game lasted 00:05:43 (1171 turns).

Lapis the Unseen (Spriggan Assassin)                Turns: 1171, Time: 00:05:44

Health: 0/38       AC:  3    Str:  7    XL:     7   Next: 85%
Magic:  11/11      EV: 25    Int: 13    God:    Dithmenos [****..]
Gold:   117        SH:  0    Dex: 19    Spells: 6/6 levels left

rFire    . . .     SeeInvis +   a - +2 dagger
rCold    . . .     Gourm    .   (shield restricted)
rNeg     . . .     Faith    .   c - +0 robe
rPois    .         Spirit   .   (helmet restricted)
rElec    .         Reflect  .   d - +0 cloak
rCorr    .         Harm     .   (gloves unavailable)
MR       +....     NoTele   +   (boots unavailable)
Stlth    ++++++++++             o - amulet of invisibility {+Inv}
HPRegen  0.12/turn              (no ring)
MPRegen  0.12/turn              (no ring)

@: wreathed by umbra, very quick
A: very small, unfitting armour, see invisible, herbivore, speed 3, slow
metabolism 2
a: Shadow Step, Renounce Religion, Evoke Invisibility


You were in the Dungeon.
You worshipped Dithmenos.
Dithmenos was greatly pleased with you.
You were not hungry.

You visited 1 branch You collected 117 gold pieces.

Inventory:

Hand Weapons
 a - a +2 dagger (weapon)
 b - a +0 blowgun
Missiles
 e - 8 poisoned needles
 f - 2 curare-tipped needles
Armour
 c - a +0 robe (worn)
 d - a +0 cloak (worn)
Jewellery
 o - the amulet of invisibility (around neck) {+Inv}
   (You found it in the Dungeon)

   [amulet of nothing]

   It lets you turn invisible.
Scrolls
 m - a scroll of blinking
Potions
 j - a potion of haste
 k - 2 potions of magic
Comestibles
 g - 3 rations


   Skills:
 * Level 4.7 Fighting
 * Level 7.0 Short Blades
 - Level 2.0 Throwing
 * Level 8.4 Dodging
 * Level 18.8 Stealth
 * Level 4.6 Invocations
 - Level 3.2 Evocations


You had 6 spell levels left.
You didn't know any spells.

Dungeon Overview and Level Annotations

Branches:
Dungeon (1/1)

Altars:
Cheibriados
Dithmenos
Elyvilon
Gozag
Hepliaklqana
Kikubaaqudgha
Makhleb
Nemelex Xobeh
Okawaru
Qazlal
Ru
Sif Muna
Trog
Uskayaw
Vehumet
Wu Jian
Xom
Yredelemnul
Zin
The Shining One
Beogh
Jiyva
Lugonu

Shops:
D (*

Annotations:
D exclusion: oklob plant


Innate Abilities, Weirdness & Mutations

You are very small and have problems with some larger weapons.
You are too small for most types of armour.
You have supernaturally acute eyesight. (SInv)
You are a herbivore.
You cover ground extremely quickly.
You need consume almost no food.


Message History

Really walk into a travel-excluded area?
There is an open door here.
You see here a wand of digging (18).
You hit the oklob plant.
The oklob plant is lightly damaged.
The oklob plant spits acid at you. The splash of acid misses you.
You hit the oklob plant but do no damage.
The oklob plant is lightly damaged.
Your shadow hits the oklob plant but does no damage.
You hit the oklob plant but do no damage.
The oklob plant is lightly damaged.
The oklob plant spits acid at you. The splash of acid hits you!
You are splashed with acid!
The acid burns!
Ouch! That really hurt!
* * * LOW HITPOINT WARNING * * *
You emit a cloud of dark smoke.
The oklob plant spits acid at you. The splash of acid hits you!
You die...

###################
#<..P#.....#.....#.
#PP..'....†+†#.[.+.
#PPPP#.....#.#...#.
###############+##.
#...♣........'...#.
#......♣.....#...##
#.....♣..♣..######
##@####+##### #§§#
#P§# ####


You could see an oklob plant.

Vanquished Creatures
  A burning bush (D)
  A wandering mushroom (D)
  2 scorpions (D)
  4 killer bees (D)
  4 oklob saplings (D)
  A worker ant (D)
  2 spriggans (D)
  A river rat (D)
  A rat (D)
17 creatures vanquished.

Notes
Turn   | Place    | Note
-------+----------+-------------------------------------------
     0 | D        | Lapis the Spriggan Assassin began the quest for the Orb.
     0 | D        | Reached XP level 1. HP: 10/10 MP: 2/2
     8 | D        | Reached skill level 8 in Stealth
     8 | D        | Reached XP level 2. HP: 15/15 MP: 3/3
    18 | D        | Noticed an oklob sapling
    19 | D        | Killed an oklob sapling
    19 | D        | Reached skill level 10 in Stealth
    19 | D        | Reached XP level 3. HP: 18/18 MP: 4/4
    22 | D        | Found the amulet of invisibility {+Inv}
    23 | D        | Reached skill level 11 in Stealth
    41 | D        | Found an opulent altar of Gozag.
    41 | D        | Found a hazy altar of Hepliaklqana.
    41 | D        | Found a roughly hewn altar of Beogh.
    41 | D        | Found a snail-covered altar of Cheibriados.
    48 | D        | Found a viscous altar of Jiyva.
    48 | D        | Found a burning altar of Makhleb.
    48 | D        | Found a sparkling altar of Nemelex Xobeh.
    48 | D        | Found a sacrificial altar of Ru.
    48 | D        | Found a deep blue altar of Sif Muna.
    48 | D        | Found a bloodstained altar of Trog.
    48 | D        | Found an ornate altar of the Wu Jian Council.
    48 | D        | Found a shimmering altar of Xom.
    48 | D        | Found a basalt altar of Yredelemnul.
    48 | D        | Noticed an oklob sapling priest
    49 | D        | Found an iron altar of Okawaru.
    49 | D        | Found a shadowy altar of Dithmenos.
    49 | D        | Found a glowing silver altar of Zin.
    50 | D        | Found an ancient bone altar of Kikubaaqudgha.
    50 | D        | Found a hide-covered altar of Uskayaw.
    51 | D        | Found a stormy altar of Qazlal.
    51 | D        | Found a white marble altar of Elyvilon.
    51 | D        | Found a glowing golden altar of the Shining One.
    52 | D        | Found a corrupted altar of Lugonu.
    52 | D        | Found a radiant altar of Vehumet.
    57 | D        | Became a worshipper of Dithmenos the Shadowed
    59 | D        | Killed an oklob sapling priest
    59 | D        | Reached skill level 12 in Stealth
    59 | D        | Reached skill level 1 in Invocations
    59 | D        | Reached skill level 1 in Evocations
    59 | D        | Reached XP level 4. HP: 23/23 MP: 2/6
    69 | D        | Reached skill level 13 in Stealth
    69 | D        | Reached XP level 5. HP: 28/28 MP: 3/7
   111 | D        | Reached * piety under Dithmenos
   111 | D        | Reached skill level 5 in Dodging
   125 | D        | Reached skill level 14 in Stealth
   179 | D        | Found Dikkossu's Assorted Antiques.
   179 | D        | Found Atzifuf's Antique Weapon Emporium.
   220 | D        | Noticed a burning bush
   220 | D        | Noticed a wandering mushroom
   221 | D        | Noticed a wandering mushroom
   224 | D        | Killed a burning bush
   224 | D        | Reached ** piety under Dithmenos
   224 | D        | Reached skill level 5 in Short Blades
   224 | D        | Reached skill level 16 in Stealth
   224 | D        | Reached XP level 6. HP: 33/33 MP: 9/9
   225 | D        | Killed a wandering mushroom
   225 | D        | Reached skill level 18 in Stealth
   225 | D        | Reached XP level 7. HP: 38/38 MP: 9/11
   749 | D        | Reached *** piety under Dithmenos
   761 | D        | Noticed a queen bee
   972 | D        | Reached **** piety under Dithmenos
  1062 | D        | Noticed an oklob plant
  1171 | D        | Killed from afar by an oklob plant

Vault maps used:
D:        dungeon_sprint_fedhas

Skill      XL: |  1  2  3  4  5  6  7 |
---------------+----------------------+-----
Dodging        | 2 3 4 6 7 8 |  8.4
Stealth        | 8 10 12 13 16 18 | 18.8
Fighting       | 2 3 4 |  4.7
Short Blades   | 3 4 5 6 7 |  7.0
Invocations    | 1 3 4 |  4.6
Evocations     | 1 2 3 |  3.2
Throwing       | |  2.0

Action                   |  1- 3 |  4- 6 |  7- 9 || total
-------------------------+-------+-------+-------++-------
Melee: Dagger            |     5 |    25 |   119 ||   149
 Abil: Evoke Invisibilit |     1 |       |       ||     1
  Use: Potion            |       |     2 |     2 ||     4
       Scroll            |       |       |     1 ||     1
 Stab: Sleeping          |     5 |     4 |     2 ||    11
Armor: Robe              |       |       |     3 ||     3
Dodge: Dodged            |       |    20 |   125 ||   145

Table legend:
 A = Spawn XP
 B = Non-spawn XP
 C = Spawn XP percentage of total XP
 D = Spawn monster count
 E = Non-spawn monster count
 F = Spawn count percentage of total count
 G = Total turns spent on level
                    A         B        C        D         E        F      G
               +---------+---------+-------+---------+---------+-------+---------
         Total |       0 |    1323 |   0.0 |       0 |      17 |   0.0 |  1171
               +---------+---------+-------+---------+---------+-------+---------
             D |       0 |    1323 |   0.0 |       0 |      17 |   0.0 |  1171
               +---------+---------+-------+---------+---------+-------+---------
